 Dungeon Crawl Stone Soup version 0.19.0-2-gae57169 (webtiles) character file.

124 striepan the Slasher (level 4, 0/40 HPs)
             Began as a Minotaur Gladiator on Nov 4, 2016.
             Killed from afar by an orc wizard (2 damage)
             ... with a puff of flame
             ... on level 3 of the Dungeon.
             The game lasted 00:07:15 (2172 turns).

striepan the Slasher (Minotaur Gladiator)           Turns: 2172, Time: 00:07:16

Health: 0/40       AC:  5    Str: 18    XL:     4   Next: 81%
Magic:  3/3        EV: 12    Int:  5    God:
Gold:   213        SH:  0    Dex: 11    Spells: 0 memorised, 3 levels left

rFire  . . .     SeeInvis .     a - +0 long sword
rCold  . . .     Gourm    .     u - +0 ring mail
rNeg   . . .     Faith    .     (no shield)
rPois  .         Spirit   .     c - +0 hat
rElec  .         Reflect  .     (no cloak)
rCorr  .         Harm     .     (no gloves)
MR     .....                    (no boots)
Stlth  +.........               (no amulet)
                                (no ring)
                                (no ring)

@: lethally poisoned (0 -> -1)
A: retaliatory headbutt, horns 2, talons 1, mutation resistance 1, weak 1
a: no special abilities


You were on level 3 of the Dungeon.
You were hungry.

You visited 1 branch of the dungeon, and saw 3 of its levels.

You collected 213 gold pieces.

Inventory:

Hand Weapons
 a - a +0 long sword (weapon)
Missiles
 d - 3 throwing nets (quivered)
Armour
 b - a +0 leather armour
 c - a +0 hat (worn)
 u - a +0 ring mail (worn)
Jewellery
 h - an uncursed ring of stealth {unknown}
Scrolls
 e - 2 scrolls of blinking {unknown}
 g - a scroll of fear {unknown}
 l - 4 scrolls of identify {unknown}
 n - a scroll of random uselessness {unknown}
 o - a scroll of magic mapping {unknown}
 r - 4 scrolls of remove curse {unknown}
Potions
 i - a potion of degeneration {unknown}
 j - a potion of agility {unknown}
 k - 2 potions of brilliance {unknown}
 m - a potion of flight {unknown}
 p - a potion of mutation
 q - a potion of ambrosia {unknown}
 s - a potion of heal wounds {unknown}
 t - 2 potions of curing {unknown}
Comestibles
 f - 3 bread rations
 v - a fruit


   Skills:
 + Level 3.7 Fighting
 - Level 6.1 Long Blades
 - Level 2.0 Throwing
 - Level 3.2 Dodging


You had 3 spell levels left.
You didn't know any spells.

Dungeon Overview and Level Annotations

Branches:
Dungeon (3/15)

Altars:


Innate Abilities, Weirdness & Mutations

You reflexively headbutt those who attack you in melee.
You have a pair of horns on your head.
You have sharp toenails.
You are somewhat resistant to further mutation.
You are weak. (Str -2)


Message History

The puff of flame hits you!
* * * LOW HITPOINT WARNING * * *
You miss something. Your kick misses something.
Something hits you but does no damage.
You are feeling hungry.
You hit something but do no damage. Your kick misses something.
Your headbutt misses something.
* * * LOW HITPOINT WARNING * * *
You feel sick. Something hits you but does no damage.
You closely miss something. Your headbutt misses something.
Something hits you but does no damage.
You closely miss something. You claw something. Something barely misses you.
You hit something. Your kick misses something.
* * * LOW HITPOINT WARNING * * *
You feel sick. Something hits you but does no damage.
You barely miss something. You claw something.
You hear some strange, mumbled words.
A puff of flame appears from out of thin air!
The puff of flame hits you!
You die...

## ..# ..# #.!# ... ##{# ##@#
#.## ###.#.## #......# .
#.##.#.#### .###.### #.# .# #....
......# ###### ######.# ..
.....##.#.#.# .....# #...##†#
##.#............
.###.####...##.####.#>...(...##.#


There were no monsters in sight!

Vanquished Creatures
  An orc wizard (D:3)
  4 adders
  4 worms
  A dart slug (D:2)
  A leopard gecko (D:1)
  2 orcs (D:3)
  8 bats
  2 giant cockroaches
  5 goblins
  4 hobgoblins
  4 jackals (D:3)
  3 kobolds
  A quokka (D:3)
  A frilled lizard (D:2)
  4 rats
45 creatures vanquished.

Notes
Turn   | Place    | Note
-------+----------+-------------------------------------------
     0 | D:1      | striepan the Minotaur Gladiator began the quest for the Orb.
     0 | D:1      | Reached XP level 1. HP: 18/18 MP: 0/0
   239 | D:1      | Reached skill level 4 in Long Blades
   532 | D:1      | Reached XP level 2. HP: 25/25 MP: 1/1
  1017 | D:2      | Reached skill level 5 in Long Blades
  1017 | D:2      | Reached XP level 3. HP: 30/30 MP: 2/2
  1496 | D:3      | Reached XP level 4. HP: 37/37 MP: 3/3
  1552 | D:3      | Found a faded altar of an unknown god.
  1700 | D:3      | Noticed an ice beast
  2148 | D:3      | Reached skill level 6 in Long Blades
  2161 | D:3      | Gained mutation: You have sharp toenails. [potion of mutation]
  2161 | D:3      | Gained mutation: You are weak. (Str -2) [potion of mutation]
  2161 | D:3      | Gained mutation: You are somewhat resistant to further mutation. [potion of mutation]
  2171 | D:3      | HP: 2/40 [poisoned by an adder]
  2172 | D:3      | Killed from afar by an orc wizard

Skill      XL: |  1  2  3  4 |
---------------+-------------+-----
Long Blades    | 4 5 6 |  6.1
Fighting       | 3 |  3.7
Throwing       | |  2.0
Dodging        | |  3.2

Action                   |  1- 3 |  4- 6 || total
-------------------------+-------+-------++-------
Melee: Long sword        |    49 |    60 ||   109
       Headbutt          |     9 |     7 ||    16
       Kick              |       |     4 ||     4
  Use: Potion            |       |     1 ||     1
 Stab: Sleeping          |     1 |       ||     1
  Eat: Chunk             |     2 |       ||     2
       Pizza             |       |     1 ||     1
Armor: Leather armour    |     9 |       ||     9
       Ring mail         |     2 |    19 ||    21
Dodge: Dodged            |    36 |    23 ||    59
       Rpst.: Long sword |    10 |     5 ||    15
